 Seeded DCSS version 0.31-a0-544-gceb718ecc6 (webtiles) character file.

Game seed: 18446744073709551615 (custom seed)

270 Mickster the Chopper (level 6, 0/5 HPs)
             Began as a Hill Orc Berserker on Aug 16, 2023.
             Was a Believer of Trog.
             Slain by a hound (4 damage)
             ... on level 4 of the Dungeon.
             The game lasted 00:15:09 (2736 turns).

Mickster the Chopper (Hill Orc Berserker)           Turns: 2736, Time: 00:15:10

Health: 0/5        AC:  1    Str: 22    XL:     6   Next: 22%
Magic:  6/6        EV: 12    Int:  7    God:    Trog [**....]
Gold:   222        SH:  0    Dex: 10    Spells: 5/5 levels left

rFire   . . .        a - melded +0 hand axe
rCold   . . .        (shield currently unavailable)
rNeg    . . .        i - +0 leather armour
rPois   .            j - +0 helmet
rElec   .            (no cloak)
rCorr   .            (gloves currently unavailable)
SInv    .            (no boots)
Will    .....        (no amulet)
Stlth   +            (no ring)
HPRegen 0.20/turn    (no ring)
MPRegen 0.10/turn

%: no passive effects
@: blade hands
A: reduced hp
a: Begin Untransformation, Renounce Religion, Berserk, Trog's Hand


You were on level 4 of the Dungeon.
You worshipped Trog.
Trog was pleased with you.
You had blades for hands.
You visited 1 branch of the dungeon, and saw 4 of its levels.

You collected 222 gold pieces.

Inventory:

Hand Weapons
 a - a +0 hand axe (melded)
 k - a +0 heavy sling
 q - a +0 falchion
Missiles
 d - 24 stones
 e - 7 poisoned darts
 l - 5 boomerangs
Armour
 b - a +0 animal skin
 i - a +0 leather armour (worn)
 j - a +0 helmet (worn)
Talismans
 h - a blade talisman (active)
Wands
 o - a wand of quicksilver (2)
Scrolls
 f - a scroll of poison
 m - a scroll of fog {unknown}
 p - a scroll of identify
Potions
 c - 2 potions of haste {unknown}
 g - a potion of cancellation
 n - a potion of curing {unknown}
 r - a potion of might {unknown}


   Skills:
 + Level 4.7 Fighting
 + Level 7.3 Axes
 + Level 2.6 Armour
 + Level 2.2 Dodging
 + Level 0.8 Stealth


You had 5 spell levels left.
You didn't know any spells.
Your spell library was empty.

Dungeon Overview and Level Annotations

Branches:
Dungeon (4/15)
 Temple: D:4-7

Altars:
Nemelex Xobeh

Shops:
D:3 :


Message History

You hit the plant.
The plant is lightly damaged.
A nearby plant withers and dies.
You enter the shallow water.
Moving in this stuff is going to be slow.
You enter the shallow water.
Moving in this stuff is going to be slow.
You slash the plant!
The plant begins to die.
The plant is lightly damaged.
A nearby plant withers and dies.
You enter the shallow water.
Moving in this stuff is going to be slow.
Things that are here:
a +0 giant club; an ogre skeleton You see here a jackal skeleton.
Found a fizzy cyan potion.
r - a fizzy cyan potion
Found a stone staircase leading up.
Found 16 gold pieces.
Found a stone staircase leading down.
You now have 222 gold pieces (gained 16).
There is a stone staircase leading down here.
A hound comes into view.
Found a stone staircase leading up.
The hound barks!
You hear a shout!
A kobold comes into view.
It is wielding a +0 short sword of venom.
Found a stone staircase leading down.
A hobgoblin comes into view.
You completely miss the hound.
The hobgoblin shouts!
The hound misses you. x2
You closely miss the hound. The hound closely misses you.
The kobold closely misses you.
You closely miss the hound. The hound bites you. x2
The kobold barely misses you.
You hit the hound but do no damage. The hound misses you.
The kobold closely misses you.
You closely miss the hound. The hound bites you.
Ouch! That really hurt!
You die...

.. .. #. ###......#.. ..
#.##........... ..
...............
...............
............... ..<.
................. ...#
###.....#..hg..# <
...###...#......@K..#...
...##....###............
....##...####.....#.>...
...........#......# ....
#.........##.....##.##..
..........>........# .
.........#........##
.........#....#####
.......###...##


You could see a hound, a hobgoblin and a kobold.

Vanquished Creatures
  An ogre (D:4)
  A howler monkey (D:4)
  Robin (D:2)
  A gnoll (D:1)
  4 adders (D:2)
  2 worms (D:3)
  4 dart slugs
  An orc (D:3)
  6 ball pythons
  6 endoplasms
  A giant cockroach (D:2)
  11 hobgoblins
  6 jackals
  4 kobolds
  A quokka (D:2)
  5 bats
  2 frilled lizards
  14 goblins
  6 rats
77 creatures vanquished.

Notes
Turn   | Place    | Note
-------+----------+-------------------------------------------
     0 | D:1      | Mickster the Hill Orc Berserker began the quest for the
                  | Orb.
     0 | D:1      | Reached XP level 1. HP: 19/19 MP: 1/1
   115 | D:1      | Reached XP level 2. HP: 16/27 MP: 2/2
   196 | D:1      | Reached XP level 3. HP: 31/33 MP: 3/3
   926 | D:2      | Reached skill level 5 in Axes
  1024 | D:2      | Reached ** piety under Trog
  1239 | D:2      | Noticed Robin
  1247 | D:2      | Reached XP level 4. HP: 41/41 MP: 4/4
  1261 | D:2      | Killed Robin
  1265 | D:2      | Reached skill level 6 in Axes
  1708 | D:3      | Reached XP level 5. HP: 44/47 MP: 5/5
  1880 | D:3      | Found a faded altar of an unknown god.
  1932 | D:3      | Found a sparkling altar of Nemelex Xobeh.
  1970 | D:3      | Found Isoememm's Book Emporium.
  2394 | D:4      | Noticed an ogre
  2407 | D:4      | Killed an ogre
  2408 | D:4      | Reached skill level 7 in Axes
  2408 | D:4      | Reached XP level 6. HP: 18/53 MP: 6/6
  2736 | D:4      | Slain by a hound

Illustrated notes

Levels and vault maps discovered:
D:1:      eino_arrival_water_star, layout_basic
D:2:      layout_basic, kennysheep_nub, uniq_robin
D:3:      layout_rooms, amcnicky_altar_gilded,
          hellmonk_ecumenical_altar_pennies_from_heaven, serial_shops,
          nicolae_book_shop_shelving, grunt_decor_fettered,
          kennysheep_generic_room_13
D:4:      layout_cave_pools, serial_bayou, serial_bayou_pond_b,
          serial_bayou_ford_a, serial_bayou_pond_b, serial_bayou_pond_b,
          minivault_19, uniq_duvessa

Skill      XL: |  1  2  3  4  5 |
---------------+----------------+-----
Fighting       | 4 |  4.7
Axes           | 5 6 7 |  7.3
Dodging        | 2 |  2.2
Armour         | |  2.6
Stealth        | |  0.8

Action                     |  1- 3 |  4- 6 || total
---------------------------+-------+-------++-------
  Melee: Hand axe          |    77 |   121 ||   198
         Unarmed           |       |    19 ||    19
 Invoke: Berserk           |     2 |     3 ||     5
    Use: Scroll            |     2 |       ||     2
   Stab: Sleeping          |     1 |       ||     1
 Armour: Animal skin       |    14 |       ||    14
         Leather armour    |     4 |    30 ||    34
  Dodge: Dodged            |    51 |    81 ||   132
   Form: Blade             |       |     1 ||     1

Table legend: (Time is in decaauts)
 A = Elapsed time spent in this place.
 B = Non-inter-level travel time spent in this place.
 C = Inter-level travel time spent in this place.
 D = Time resting spent in this place.
 E = Time spent auto-exploring this place.
 F = Levels seen in this place.
 G = Mean time per level.
                   A        B        C        D        E       F      G
               +--------+--------+--------+--------+--------+-----+--------+
         Total |   2818 |   2804 |     14 |    206 |    767 |   4 |  704.5 |
       Dungeon |   2818 |   2804 |     14 |    206 |    767 |   4 |  704.5 |
               +--------+--------+--------+--------+--------+-----+--------+

Top non-repeatable levels by time:
     D:2: 952 daAuts
     D:1: 735 daAuts
     D:3: 631 daAuts
     D:4: 499 daAuts
